 Dungeon Crawl Stone Soup version 0.28.0-53-g5a82cb258f (webtiles) character file.

Game seed: 9756520133488045566

513 MiltankisOP the Ruffian (level 7, 72/72 HPs)
             Began as a Troll Monk on June 14, 2022.
             Was a Believer of Makhleb.
             Quit the game on level 3 of the Dungeon.
             The game lasted 00:04:09 (2321 turns).

MiltankisOP the Ruffian (Troll Monk)                Turns: 2321, Time: 00:04:10

Health: 72/72      AC:  4    Str: 22    XL:     7   Next: 0%
Magic:  6/6        EV: 10    Int:  6    God:    Makhleb [**....]
Gold:   93         SH:  0    Dex: 12    Spells: 6/6 levels left

rFire   . . .      SeeInvis .     - Unarmed
rCold   . . .      Faith    .   (no shield)
rNeg    . . .      Spirit   .   a - +0 robe
rPois   .          Reflect  .   (helmet restricted)
rElec   .          Harm     .   (no cloak)
rCorr   .          Rampage  .   (gloves unavailable)
Will    .....                   (boots unavailable)
Stlth   ++........              (no amulet)
HPRegen 1.02/turn               (no ring)
MPRegen 0.10/turn               (no ring)

@: no status effects
A: large, unfitting armour, claws 3, regeneration 1, shaggy fur 1, tough skin 1
a: Renounce Religion, Minor Destruction


You were on level 3 of the Dungeon.
You worshipped Makhleb.
Makhleb was pleased with you.
You visited 2 branches of the dungeon, and saw 5 of its levels.

You collected 205 gold pieces.
You spent 112 gold pieces at shops.

Inventory:

Armour
 a - a +0 robe (worn)
Jewellery
 d - an amulet of faith
 i - a +4 ring of protection
Scrolls
 b - 4 scrolls of teleportation {unknown}
 c - a scroll of enchant weapon {unknown}
 e - a scroll of immolation {unknown}
 g - a scroll of enchant armour {unknown}
 h - 5 scrolls of identify {unknown}
 j - a scroll of acquirement {unknown}
 k - a scroll of amnesia {unknown}
 n - a scroll of fog {unknown}
Potions
 f - a potion of haste {unknown}
 l - a potion of heal wounds
 m - a potion of curing


   Skills:
 + Level 5.0 Fighting
 - Level 2.4 Dodging
 - Level 1.0 Stealth
 + Level 6.0 Unarmed Combat


You had 6 spell levels left.
You didn't know any spells.
Your spell library was empty.

Dungeon Overview and Level Annotations

Branches:
Dungeon (4/15)             Temple (1/1) D:4

Altars:
Cheibriados
Dithmenos
Elyvilon
Fedhas
Gozag
Kikubaaqudgha
Makhleb
Okawaru
Qazlal
Ru
Trog
Uskayaw
Vehumet
Wu Jian
Xom
Zin

Shops:
D:1 (   D:2 (   D:3 !


Innate Abilities, Weirdness & Mutations

You are too large for most types of armour.
You have claws for hands.
Your natural rate of healing is unusually fast.
You are covered in fur. (AC +1)
You have tough skin. (AC +1)


Message History

You climb downwards.
Welcome to the Ecumenical Temple!
Found six altars.
There is a staircase back to the Dungeon here.
Found a burning altar of Makhleb and an ancient bone altar of Kikubaaqudgha.
Found a radiant altar of Vehumet.
Found a white marble altar of Elyvilon.
There is a hide-covered altar of Uskayaw here.
Found a blossoming altar of Fedhas.
Found a sacrificial altar of Ru.
There is a shadowy altar of Dithmenos here.
Found a glowing silver altar of Zin.
Found a bloodstained altar of Trog.
There is a shimmering altar of Xom here.
There is a stormy altar of Qazlal here.
Done exploring.
Done exploring.
Search for what [? for help]? altar
There is a staircase back to the Dungeon here.
You climb upwards.
Welcome back to the Dungeon!
There is a staircase to the Ecumenical Temple here.
Found a snail-covered altar of Cheibriados.
There is a stone staircase leading up here.
You climb upwards.
There is a stone staircase leading down here.
Things that are here:
a +4 hand axe; an orc skeleton
Items here: ))) ÷÷.
There is an open door here.
There is a faded altar of an unknown god here.
You cannot tell which god this altar belongs to.
Convert to them anyway?
Okay, then.
You cannot tell which god this altar belongs to.
Convert to them anyway?
Makhleb accepts your prayer! Makhleb welcomes you!
You can now gain health from killing.
You can now harness Makhleb's destructive might.
Done exploring.
Done exploring.
Done exploring.
Are you sure you want to abandon this character and quit the game? (Confirm with "yes".)

# #.........####..)#..#
#...........)).###..###
#..........#####......#####
#........###♣...P....P.P..###
#........#..................#
#........#####'########.#####
#####....####♣...P..##.......#
....#......##.8P.P..##......♣#
###.#....####..P@...##.8P.P..#
....#....# ###.⌠.######.⌠♣###
.####....# #.######## ####
.##......# #........# ....#....#
#..(####.# ....#....# #...# #.#
....#....####...####.###
...........##..........#########
....#.......########...........#


There were no monsters in sight!

Vanquished Creatures
  Grinder (D:3)
  A water moccasin skeleton (D:4)
  2 hounds (D:4)
  2 orc wizards (D:4)
  4 gnolls (D:3)
  3 adders (D:3)
  An ufetubus (D:4)
  3 worms
  6 dart slugs
  6 orcs
  9 ball pythons
  4 bats
  5 endoplasms
  4 giant cockroaches
  6 hobgoblins
  4 jackals (D:1)
  12 kobolds
  2 frilled lizards
  4 goblins
  6 rats
85 creatures vanquished.

Vanquished Creatures (others)
  A plant (D:4)
1 creature vanquished.

Grand Total: 86 creatures vanquished

Notes
Turn   | Place    | Note
-------+----------+-------------------------------------------
     0 | D:1      | MiltankisOP the Troll Monk began the quest for the Orb.
     0 | D:1      | Reached XP level 1. HP: 22/22 MP: 0/0
    57 | D:1      | Reached XP level 2. HP: 24/29 MP: 1/1
   149 | D:1      | Found Gusogolo's Weapon Boutique.
   307 | D:1      | Reached XP level 3. HP: 21/37 MP: 2/2
   742 | D:2      | Found a hide-covered altar of Uskayaw.
   776 | D:2      | Found Rutrer's Antique Weapon Boutique.
   887 | D:2      | Reached skill level 4 in Unarmed Combat
  1074 | D:2      | Reached XP level 4. HP: 40/45 MP: 3/3
  1281 | D:3      | Noticed Grinder
  1292 | D:3      | Killed Grinder
  1293 | D:3      | Reached skill level 5 in Unarmed Combat
  1293 | D:3      | Reached XP level 5. HP: 30/54 MP: 4/4
  1333 | D:3      | Reached XP level 6. HP: 62/62 MP: 5/5
  1805 | D:3      | Found a faded altar of an unknown god.
  1853 | D:3      | Found Baogoong's Distillery.
  1865 | D:3      | Bought a potion of heal wounds for 70 gold pieces
  1865 | D:3      | Bought a potion of curing for 42 gold pieces
  2010 | D:4      | Found an opulent altar of Gozag.
  2073 | D:4      | Reached skill level 6 in Unarmed Combat
  2122 | D:4      | Reached skill level 5 in Fighting
  2174 | D:4      | Reached XP level 7. HP: 72/72 MP: 6/6
  2181 | D:4      | Found a staircase to the Ecumenical Temple.
  2188 | Temple   | Entered the Ecumenical Temple
  2292 | D:4      | Found a snail-covered altar of Cheibriados.
  2320 | D:3      | Prayed at the altar of an unknown god.
  2320 | D:3      | Became a worshipper of Makhleb the Destroyer
  2320 | D:3      | Reached * piety under Makhleb
  2320 | D:3      | Reached ** piety under Makhleb
  2321 | D:3      | Quit the game

Illustrated notes

Levels and vault maps discovered:
D:1:      ncdulo_watergridlock, layout_basic, serial_shops, shop,
          minmay_indecisive_spiral
D:2:      layout_basic, serial_shops, shop, basic_altar, kennysheep_nondescript
D:3:      layout_basic, serial_shops, shop, chequers_ecumenical_altar_lobes,
          uniq_grinder
D:4:      layout_loops_cross, cheibriados_altar_1, mainiacjoe_overflow_brackets,
          minmay_temple_entry_gardened_gates
Temple:   eino_temple_lava

Skill      XL: |  1  2  3  4  5  6 |
---------------+-------------------+-----
Fighting       | 3 4 5 |  5.0
Unarmed Combat | 4 5 6 |  6.0
Dodging        | |  2.4
Stealth        | |  1.0

Action                   |  1- 3 |  4- 6 |  7- 9 || total
-------------------------+-------+-------+-------++-------
Melee: Unarmed           |   103 |    93 |     1 ||   197
       Punch             |     3 |     1 |       ||     4
 Stab: Sleeping          |     6 |     4 |       ||    10
Armor: Robe              |    36 |    29 |       ||    65
Dodge: Dodged            |    53 |    41 |       ||    94
